 Dungeon Crawl Stone Soup version 0.30.1-11-g7821555f0a (webtiles) character file.

Game seed: 2539299394685914052

1403 Okkudo the Chopper (level 8, 0/73 HPs)
             Began as a Hill Orc Fighter on Nov 27, 2023.
             Succumbed to poison (poison gas)
             ... on level 6 of the Dungeon.
             The game lasted 00:23:32 (5782 turns).

Okkudo the Chopper (Hill Orc Fighter)               Turns: 5782, Time: 00:23:32

Health: 0/73       AC: 12    Str: 21    XL:     8   Next: 69%
Magic:  8/8        EV: 13    Int:  8    God:
Gold:   222        SH:  6    Dex: 16    Spells: 7/7 levels left

rFire   . . .        a - +1 war axe
rCold   . . .        c - +0 buckler
rNeg    . . .        l - +0 chain mail
rPois   .            (no helmet)
rElec   .            k - +0 cloak
rCorr   .            o - +0 pair of gloves
SInv    .            (no boots)
Will    .....        (no amulet)
Stlth   x              - +5 ring of evasion
HPRegen 0.32/turn    u - +6 ring of dexterity
MPRegen 0.11/turn

%: no passive effects
@: lethally poisoned (0 -> -33)
A: no striking features
a: no special abilities


You were on level 6 of the Dungeon.
You visited 1 branch of the dungeon, and saw 6 of its levels.

You collected 243 gold pieces.
You spent 21 gold pieces at shops.

Inventory:

Hand Weapons
 a - a +1 war axe (weapon)
Missiles
 v - 3 poisoned darts (quivered)
Armour
 c - a +0 buckler (worn)
 k - a +0 cloak (worn)
 l - a +0 chain mail (worn)
 o - a +0 pair of gloves (worn)
 p - a +4 ring mail
Jewellery
 j - a ring of protection from cold
 s - a ring of flight
 u - a +6 ring of dexterity (right hand)
 w - a ring of protection from fire
 x - a +5 ring of evasion (left hand)
Scrolls
 b - a scroll of torment
 e - 3 scrolls of identify
 f - a scroll of vulnerability
 i - 2 scrolls of blinking
 m - a scroll of magic mapping
 n - a scroll of amnesia {unknown}
 r - a scroll of teleportation {unknown}
Potions
 d - a potion of might
 g - a potion of curing
 h - a potion of haste
 q - 2 potions of ambrosia
 t - 3 potions of heal wounds
 z - a potion of resistance


   Skills:
 + Level 7.2 Fighting
 + Level 7.3 Axes
 + Level 6.5 Armour
 + Level 6.5 Shields


You had 7 spell levels left.
You didn't know any spells.
Your spell library contained the following spells:

 Spells                   Type           Power      Damage    Failure   Level
 Anguish                  Hex/Necr       0%         N/A       100%        4
 Cause Fear               Hex            0%         N/A       100%        4
 Enfeeble                 Hex            0%         N/A       100%        7


Dungeon Overview and Level Annotations

Branches:
Dungeon (6/15)
 Temple: D:4-7

Altars:
Fedhas
Gozag
Hepliaklqana
Nemelex Xobeh
Yredelemnul

Shops:
D:5 *([:=

Annotations:
D:6 1 transporter


Message History

The gnoll sergeant zombie is severely damaged.
The gnoll sergeant zombie hits you with a +2 spear of venom!
You are poisoned.
You hit the gnoll sergeant zombie.
The gnoll sergeant zombie is almost destroyed.
You feel very sick.
The gnoll sergeant zombie hits you but does no damage.
You are more poisoned.
You barely miss the gnoll sergeant zombie.
The gnoll sergeant zombie is almost destroyed.
You feel very sick.
The gnoll sergeant zombie closely misses you.
You slash the gnoll sergeant zombie!
You destroy the gnoll sergeant zombie!
You feel very sick.
You feel very sick.
Really walk into a travel-excluded area? [Y]es or [N]o only, please.
Really walk into a travel-excluded area?
Okay, then.
You feel sick.
Things that are here:
a +2 spear of venom; a +1 short sword of venom Really walk into a travel-excluded area?
Uppercase [Y]es or [N]o only, please.
Really walk into a travel-excluded area?
Uppercase [Y]es or [N]o only, please.
Really walk into a travel-excluded area?
You are engulfed in poison gas.
You are more poisoned.
You feel very sick.
There is an open gate here.
Unknown command.
You are engulfed in poison gas.
You are more poisoned.
You feel extremely sick.
You are engulfed in poison gas.
You are more poisoned.
* * * LOW HITPOINT WARNING * * *
x2 You feel extremely sick.
You die...

#.# ##.### ####### ....#
#○○○○○########.#.# .
##○☼○○☼#.°☼°°○#...#
#.###☼○○☼○#°☼°☼°.#...#
#...#[$.○☼○.#.#°°#...#
#..©#©!.○○°)..©°○#©..##
#...#?$@○°○.#.#°○#....#
#+###°☼○○°#○○○°○.###..##
##☼○°°☼#..○○°.#......
#°○○°○########.#..##
####### #...... #.§....
#§≈≈≈≈≈ ... #......
...... #.≈.≈≈≈


There were no monsters in sight!

Vanquished Creatures
  Grinder (D:3)
  A wraith (D:5)
  Eustachio (D:5)
  The ghost of fitz the Insei, an amateur OpTm (D:3)
  2 ogres
  A scorpion (D:5)
  A howler monkey (D:5)
  2 quasits (D:3)
  2 hounds (D:4)
  A jelly (D:4)
  A sleepcap (D:6)
  4 iguanas
  An orc wizard (D:3)
  5 gnolls
  An orc zombie (D:6)
  6 adders
  A gnoll zombie (D:6)
  A white imp (D:5)
  An ufetubus (D:4)
  2 worms
  4 dart slugs
  11 orcs
  13 endoplasms
  3 giant cockroaches
  4 goblins
  8 hobgoblins
  4 quokkas
  4 ball pythons
  11 bats
  2 frilled lizards
  3 kobolds
  8 rats
111 creatures vanquished.

Notes
Turn   | Place    | Note
-------+----------+-------------------------------------------
     0 | D:1      | Okkudo the Hill Orc Fighter began the quest for the Orb.
     0 | D:1      | Reached XP level 1. HP: 19/19 MP: 1/1
   141 | D:1      | Reached XP level 2. HP: 18/27 MP: 2/2
   586 | D:1      | Reached XP level 3. HP: 31/33 MP: 3/3
  1366 | D:2      | Reached XP level 4. HP: 36/40 MP: 4/4
  1719 | D:3      | Reached XP level 5. HP: 17/47 MP: 5/5
  1921 | D:3      | Noticed Grinder
  1926 | D:3      | Paralysed by Grinder for 5 turns
  2007 | D:3      | Paralysed by Grinder for 3 turns
  2018 | D:3      | Killed Grinder
  2019 | D:3      | Reached skill level 5 in Fighting
  2019 | D:3      | Reached skill level 5 in Axes
  2019 | D:3      | Reached XP level 6. HP: 30/56 MP: 6/6
  2180 | D:3      | Found a hazy altar of Hepliaklqana.
  2220 | D:3      | Found a transporter.
  2303 | D:3      | Noticed fitz's ghost (amateur OpTm)
  2326 | D:3      | Found a transporter.
  2345 | D:3      | Killed fitz's ghost
  2346 | D:3      | Reached skill level 5 in Armour
  2346 | D:3      | Reached skill level 5 in Shields
  2346 | D:3      | Reached XP level 7. HP: 48/62 MP: 7/7
  2576 | D:3      | Found an opulent altar of Gozag.
  2678 | D:4      | Noticed Sigmund
  2753 | D:4      | Found a sparkling altar of Nemelex Xobeh.
  3373 | D:4      | Found a blossoming altar of Fedhas.
  3649 | D:5      | Entered Level 5 of the Dungeon
  3650 | D:5      | Found Qiydanko's Book Boutique.
  3920 | D:5      | Reached XP level 8. HP: 68/71 MP: 8/8
  4033 | D:5      | Found Sorrouny's Weapon Emporium.
  4041 | D:5      | Bought 3 poisoned darts for 21 gold pieces
  4056 | D:5      | Noticed Eustachio
  4146 | D:5      | Killed Eustachio
  4254 | D:5      | Noticed a wraith
  4272 | D:5      | Killed a wraith
  4433 | D:5      | Found Qapris's Armour Shoppe.
  4536 | D:5      | Found Qimick's Assorted Antiques.
  4796 | D:5      | Found Xakhyiw's Jewellery Boutique.
  4841 | D:6      | Found a basalt altar of Yredelemnul.
  4943 | D:6      | Found a transporter.
  5758 | D:6      | Found a transporter.
  5782 | D:6      | Succumbed to poison (poison gas)

Illustrated notes

Levels and vault maps discovered:
D:1:      kilobyte_arrival_exit_the_forest, layout_loops_cross,
          hangedman_decor_lopped, minmay_misc_feat_tower, serial_bayou_lagoon_b
D:2:      layout_basic
D:3:      layout_rooms, lemuel_tele_altar, general_overflow_altar,
          gammafunk_ghost_stat_death, uniq_grinder
D:4:      layout_rooms, nemelex_spade_bored_becter, lemuel_round_altar,
          dk_noncrumbling_4, minmay_misc_feat_four_crosses,
          nicolae_zen_rock_garden, cheibrodos_gnoll_hut, uniq_sigmund
D:5:      layout_loops_ring, serial_shops, nicolae_shop_behind_doors, shop,
          nicolae_inconvenience_store, shop, shop, uniq_eustachio
D:6:      gammafunk_cloud_chamber, layout_basic,
          mainiacjoe_overflow_cross_hatched, minmay_temple_entry_nine_rooms,
          gammafunk_ghost_abyssal_escape

Skill      XL: |  1  2  3  4  5  6  7  8 |
---------------+-------------------------+-----
Axes           | 3 4 5 6 7 |  7.3
Fighting       | 4 5 6 7 |  7.2
Armour         | 4 5 6 |  6.5
Shields        | 4 5 6 |  6.5

Action                     |  1- 3 |  4- 6 |  7- 9 || total
---------------------------+-------+-------+-------++-------
  Melee: War axe           |   109 |   117 |   208 ||   434
    Use: Potion            |     4 |     2 |       ||     6
         Scroll            |       |       |    10 ||    10
 Armour: Scale mail        |    30 |       |       ||    30
         Chain mail        |    36 |   138 |   179 ||   353
  Dodge: Dodged            |    46 |   100 |   140 ||   286
  Block: Buckler           |    23 |    48 |    78 ||   149
